 Dungeon Sprint DCSS version 0.17-a0-1533-g2f57bce (webtiles) character file.

9593 ztt the Warrior (level 11, -26/117 HPs)
             Began as a Minotaur Fighter on July 16, 2015.
             Was the Champion of Makhleb.
             Killed from afar by an orb of fire (75 damage)
             ... with a bolt of fire
             ... in the Dungeon (Sprint V: "Ziggurat Sprint").
             The game lasted 00:03:20 (562 turns).

ztt the Warrior (Minotaur Fighter)                   Turns: 562, Time: 00:03:20

Health: -26/117    AC: 34    Str: 38    XL:     11   Next: 25%
Magic:  10/10      EV:  4    Int:  5    God:    Makhleb [******]
Gold:   0          SH: 34    Dex: 14    Spells: 0 memorised, 10 levels left

rFire  . . .     SeeInvis +     J - +14 obsidian axe {chop, +Fly Str+3 SInv *Curse} (curse)
rCold  . . .     Clarity  .     K - +15 Maxwell's patent armour {-Cast -Tele rElec MR+ rCorr}
rNeg   + . .     SustAt   .     L - +18 shield of the gong {rElec rN+ MR+ EV-5}
rPois  .         Gourm    .     (helmet restricted)
rElec  +         Spirit   .     (no cloak)
rCorr  +         Warding  .     O - +1 pair of gloves {Dex+3}
rMut   .         NoTele   +     (no boots)
MR     ++...     NoCast   +     (no amulet)
Stlth  ..........               D - +6 ring of strength
                                E - +6 ring of strength

@: mesmerised, studying 2 skills, very resistant to hostile enchantments,
extremely unstealthy
A: retaliatory headbutt, horns 2
a: Minor Destruction, Lesser Servant of Makhleb, Major Destruction, Greater
Servant of Makhleb, Renounce Religion, Evoke Flight


You were in the Dungeon.
You worshipped Makhleb.
Makhleb was exalted by your worship.
You were not hungry.

You visited 1 branch

Inventory:

Hand weapons
 a - a +0 war axe
 o - a +5 executioner's axe
 J - the cursed +14 obsidian axe (weapon) {chop, +Fly Str+3 SInv *Curse}
   (You found it in the Dungeon)

   It inflicts extra damage upon your enemies.
   It affects your strength (+3).
   It lets you see invisible.
   It lets you fly.
   It may re-curse itself when equipped.
   It has a curse placed upon it.
Armour
 K - the +15 Maxwell's patent armour (worn) {-Cast -Tele rElec MR+ rCorr}
   (You found it in the Dungeon)

   It insulates you from electricity.
   It affects your resistance to hostile enchantments.
   It prevents spellcasting.
   It prevents most forms of teleportation.
   It protects you from acid and corrosion.
 L - the +18 shield of the gong (worn) {rElec rN+ MR+ EV-5}
   (You found it in the Dungeon)

   It affects your evasion (-5).
   It insulates you from electricity.
   It protects you from negative energy.
   It affects your resistance to hostile enchantments.
 O - a +1 pair of gloves of dexterity (worn)
 P - a +2 cloak of magic resistance
Jewellery
 b - the ring "Hotzat" {MP+9 Int+2}
   (You found it in the Dungeon)

   [ring of intelligence]

   It affects your intelligence (+2).
   It affects your magic capacity (+9).
 y - a +6 ring of dexterity
 A - a +6 ring of dexterity
 B - a +6 ring of intelligence
 C - a +6 ring of intelligence
 D - a +6 ring of strength (right hand)
 E - a +6 ring of strength (left hand)
 N - an uncursed ring of fire
 Q - the ring of Shaolin {EV+8}
   (You found it in the Dungeon)

   [ring of evasion]

   It affects your evasion (+8).
Magical devices
 F - a wand of disintegration (7)
 G - a wand of fire (5)
 H - a wand of cold (5)
 I - a wand of draining (5)
Scrolls
 k - 4 scrolls of blinking
 q - 4 scrolls of amnesia
 r - 3 scrolls of recharging
 s - 7 scrolls of fog
 t - a scroll of holy word
 u - 5 scrolls of identify
 v - 5 scrolls of remove curse
 w - 2 scrolls of fear
Potions
 d - 6 potions of might
 f - 10 potions of curing
 g - 12 potions of heal wounds
 h - 6 potions of haste
 i - 7 potions of magic
 j - 3 potions of berserk rage
 l - 2 potions of brilliance
 m - 2 potions of invisibility
 n - 4 potions of resistance
 p - 5 potions of agility
Books
 c - a manual of Spellcasting
 M - a manual of Slings
Comestibles
 e - 5 bread rations
 x - 42 fruits
 z - 4 meat rations


   Skills:
 + Level 17.1 Fighting
 + Level 16.3 Axes
 + Level 14.2 Armour
 + Level 0.5 Stealth
 + Level 16.9 Shields


You had 10 spell levels left.
You didn't know any spells.

Dungeon Overview and Level Annotations

Branches:
Dungeon (1/1)

Altars:
Ashenzari
Cheibriados
Dithmenos
Elyvilon
Fedhas
Gozag
Kikubaaqudgha
Makhleb
Nemelex Xobeh
Okawaru
Qazlal
Ru
Sif Muna
Trog
Vehumet
Xom
Yredelemnul
Zin
The Shining One
Beogh
Jiyva
Lugonu


Innate Abilities, Weirdness & Mutations

You reflexively headbutt those who attack you in melee.
You have a pair of horns on your head.


Message History

BONNNG!
You strike the helpless mottled draconian from a blind spot!
You hit the mottled draconian.
You headbutt the mottled draconian, but do no damage.
The mottled draconian is heavily wounded.
You slice the black draconian!!
The black draconian is moderately wounded.
You hit the red draconian.
The red draconian is moderately wounded.
You slice the orb of fire!!
The orb of fire is lightly damaged.
You hit the white draconian.
The white draconian is lightly wounded.
Visions of slaying the red draconian flood into your mind.
Your blizzard demon hits the mottled draconian but does no damage.
Your blizzard demon hits the mottled draconian.
The orb of fire glows bright magenta.
The bolt of fire hits you!
Ouch! That really hurt!
You die...

▓▓▓▓▓▓▓▓▓▓▓▓▓▓▓▓▓▓▓
▓...8©8...▓...8©8...▓
▓..[..::..▓...|":...▓
▓..["):=..▓...)=|...▓
▓.........▓.........▓
▓...dd....▓.........▓
▓..d.d....▓.........▓
▓...d*dq..▓.........▓
▓...d@d2..▓.▓.....▓.▓
▓.▓.....▓.▓.........▓
▓.........▓▓▓▓▓▓▓▓▓▓▓
▓▓▓▓▓▓▓▓▓▓▓


You could see an orb of fire, 3 draconians, 2 draconians, a purple draconian, a
red draconian, a white draconian, a mottled draconian scorcher and a friendly
blizzard demon.

Vanquished Creatures
  A deep elf high priest (D)
  A hell hog (D)
  A deep elf knight (D)
  8 toenail golems (D)
  A fire drake (D)
  2 efreet (D)
  A deep elf priest (D)
  2 merfolk (D)
  4 spriggans (D)
  A steam dragon (D)
  A fire elemental (D)
  A wolf (D)
  4 deep elf fighters (D)
  A hell hound (D)
  2 swamp drakes (D)
  2 black bears (D)
  A wasp (D)
  2 phantoms (D)
  A necrophage (D)
  A wight (D)
  An iron imp (D)
  A shadow imp (D)
  An ufetubus (D)
  An adder zombie (D)
  3 adder skeletons (D)
  A bat skeleton (D)
  A ball python zombie (D)
  2 giant gecko skeletons (D)
49 creatures vanquished.

Vanquished Creatures (collateral kills)
  An octopode (shapeshifter) (D)
  A toenail golem (D)
  A fire drake (D)
  2 merfolk (D)
  A spriggan (D)
6 creatures vanquished.

Vanquished Creatures (others)
  Erolcha (D)
  Joseph (D)
  Psyche (D)
3 creatures vanquished.

Grand Total: 58 creatures vanquished

Notes
Turn   | Place    | Note
--------------------------------------------------------------
     0 | D        | ztt the Minotaur Fighter began the quest for the Orb.
     0 | D        | Reached XP level 1. HP: 19/19 MP: 0/0
     2 | D        | Found an iron altar of Okawaru.
     2 | D        | Found a radiant altar of Vehumet.
     2 | D        | Found a shimmering altar of Xom.
     2 | D        | Found a burning altar of Makhleb.
     6 | D        | Found a deep blue altar of Sif Muna.
     9 | D        | Found a roughly hewn altar of Beogh.
     9 | D        | Found a corrupted altar of Lugonu.
     9 | D        | Found a viscous altar of Jiyva.
     9 | D        | Found a white marble altar of Elyvilon.
     9 | D        | Found a sparkling altar of Nemelex Xobeh.
     9 | D        | Found a bloodstained altar of Trog.
    22 | D        | Killed Erolcha
    56 | D        | Reached skill level 7 in Fighting
    56 | D        | Reached XP level 2. HP: 24/34 MP: 1/1
    68 | D        | Became a worshipper of Makhleb the Destroyer
   151 | D        | Entered arena 1.
   151 | D        | Noticed a deep elf priest
   151 | D        | Noticed a spriggan
   153 | D        | Noticed an octopode
   153 | D        | a spriggan changed into an octopode
   155 | D        | Killed a deep elf priest
   155 | D        | Reached skill level 10 in Fighting
   155 | D        | Reached XP level 3. HP: 28/45 MP: 2/2
   155 | D        | Reached XP level 4. HP: 31/51 MP: 3/3
   155 | D        | Reached XP level 5. HP: 35/58 MP: 4/4
   156 | D        | Killed an octopode
   156 | D        | Acquired Makhleb's first power
   156 | D        | Reached skill level 11 in Fighting
   156 | D        | Reached skill level 10 in Armour
   156 | D        | Reached XP level 6. HP: 32/68 MP: 5/5
   156 | D        | Reached XP level 7. HP: 34/74 MP: 6/6
   338 | D        | Entered arena 2.
   338 | D        | Noticed a steam dragon
   338 | D        | Noticed a swamp drake
   338 | D        | Noticed a swamp drake
   343 | D        | Killed a swamp drake
   343 | D        | Reached skill level 10 in Shields
   343 | D        | Noticed a hellwing
   344 | D        | Killed a swamp drake
   344 | D        | Reached skill level 12 in Fighting
   348 | D        | Killed a hellwing
   352 | D        | Killed a steam dragon
   352 | D        | Acquired Makhleb's second power
   359 | D        | Entered arena 3.
   359 | D        | Noticed a merfolk
   359 | D        | Noticed a merfolk
   359 | D        | Noticed a merfolk
   359 | D        | Noticed a merfolk
   359 | D        | Killed Psyche
   364 | D        | Killed a merfolk
   364 | D        | Reached XP level 8. HP: 81/85 MP: 7/7
   365 | D        | Killed a merfolk
   365 | D        | Acquired Makhleb's third power
   365 | D        | Killed a merfolk
   365 | D        | Reached skill level 13 in Fighting
   366 | D        | Killed a merfolk
   366 | D        | Reached skill level 10 in Axes
   407 | D        | Entered arena 4.
   407 | D        | Noticed a toenail golem
   407 | D        | Noticed a toenail golem
   407 | D        | Noticed a toenail golem
   407 | D        | Noticed a toenail golem
   412 | D        | Killed a toenail golem
   412 | D        | Reached XP level 9. HP: 93/93 MP: 8/8
   413 | D        | Killed a toenail golem
   415 | D        | Killed a toenail golem
   415 | D        | Reached skill level 14 in Fighting
   417 | D        | Killed a toenail golem
   421 | D        | Entered arena 5.
   421 | D        | Noticed a toenail golem
   421 | D        | Noticed a toenail golem
   421 | D        | Noticed a toenail golem
   421 | D        | Noticed a toenail golem
   421 | D        | Noticed a toenail golem
   425 | D        | Killed a toenail golem
   426 | D        | Killed a toenail golem
   428 | D        | Killed a toenail golem
   428 | D        | Reached XP level 10. HP: 104/104 MP: 9/9
   429 | D        | Killed a toenail golem
   429 | D        | Reached skill level 15 in Fighting
   431 | D        | Killed a toenail golem
   431 | D        | Reached skill level 15 in Shields
   436 | D        | Entered arena 6.
   436 | D        | Noticed a deep elf fighter
   436 | D        | Noticed a deep elf fighter
   436 | D        | Noticed a deep elf high priest
   436 | D        | Noticed a deep elf fighter
   436 | D        | Noticed a deep elf knight
   436 | D        | Noticed a deep elf fighter
   440 | D        | Killed a deep elf high priest
   440 | D        | Acquired Makhleb's fourth power
   444 | D        | Killed a deep elf fighter
   444 | D        | Killed a deep elf fighter
   446 | D        | Killed a deep elf knight
   448 | D        | Killed a deep elf fighter
   448 | D        | Acquired Makhleb's fifth power
   451 | D        | Killed a deep elf fighter
   462 | D        | Entered arena 7.
   462 | D        | Noticed an efreet
   462 | D        | Noticed an efreet
   462 | D        | Noticed a fire drake
   462 | D        | Noticed a fire elemental
   462 | D        | Noticed a hell hog
   462 | D        | Noticed a fire drake
   466 | D        | Killed a fire drake
   466 | D        | Reached skill level 16 in Shields
   466 | D        | Killed a fire elemental
   467 | D        | Killed a fire drake
   467 | D        | Reached skill level 15 in Axes
   468 | D        | Killed an efreet
   468 | D        | Killed a hell hog
   468 | D        | Reached XP level 11. HP: 113/115 MP: 10/10
   470 | D        | Killed an efreet
   476 | D        | Got the amulet of Diocun {Gourm rC+ Int+4 Dex-5 Stlth+}
   480 | D        | Entered arena 8.
   480 | D        | Noticed a phantom
   480 | D        | Noticed a wight
   480 | D        | Noticed a necrophage
   480 | D        | Noticed a phantom
   482 | D        | Killed a phantom
   486 | D        | Killed a wight
   486 | D        | Killed a phantom
   487 | D        | Killed a necrophage
   496 | D        | Entered arena 9.
   496 | D        | Noticed a spriggan
   496 | D        | Noticed a wolf
   496 | D        | Noticed a black bear
   496 | D        | Noticed a spriggan
   496 | D        | Noticed a spriggan rider
   496 | D        | Noticed a spriggan
   496 | D        | Noticed a black bear
   496 | D        | Noticed a spriggan
   499 | D        | Killed a wolf
   500 | D        | Killed a spriggan
   500 | D        | Killed a spriggan
   502 | D        | Killed a black bear
   503 | D        | Killed a spriggan
   504 | D        | Killed a spriggan
   505 | D        | Killed a black bear
   508 | D        | Killed a spriggan
   508 | D        | Reached skill level 17 in Fighting
   509 | D        | Killed a wasp
   524 | D        | Got the ring "Hotzat" {MP+9 Int+2}
   526 | D        | Entered arena 10.
   526 | D        | Noticed a hell hound
   526 | D        | Noticed an iron imp
   528 | D        | Killed a hell hound
   534 | D        | Killed an iron imp
   556 | D        | Entered arena 11.
   556 | D        | Noticed a black draconian
   556 | D        | Noticed a black draconian
   556 | D        | Noticed a mottled draconian scorcher
   556 | D        | Noticed a black draconian
   556 | D        | Noticed a mottled draconian
   557 | D        | Noticed a red draconian
   557 | D        | Noticed an orb of fire
   557 | D        | Noticed a white draconian
   558 | D        | Noticed a purple draconian
   558 | D        | Gained mutation: You heal slowly when monsters are visible. [an orb of fire]
   559 | D        | Noticed a mottled draconian
   559 | D        | Killed Joseph
   560 | D        | Lost mutation: You heal slowly when monsters are visible. [an orb of fire]
   562 | D        | Killed from afar by an orb of fire

Vault maps used:
D:        sprint_v

Action                   |  1- 3 |  4- 6 |  7- 9 | 10-12 || total
-------------------------+-------+-------+-------+-------++-------
Melee: Broad axe         |     4 |     1 |    28 |    42 ||    75
Invok: Greater Servant o |       |       |       |     1 ||     1
  Use: Potion            |     1 |       |       |       ||     1
 Stab: Distracted        |       |       |       |     1 ||     1
       Fleeing           |       |       |       |     1 ||     1
